[ PARTIDA AOE2 · #458869733 ]
UnrankedEspañoles vs Mongols
[ ANÁLISIS DE REPETICIÓN · EXTRAÍDO DE LA PARTIDA GRABADA ]
Feudal
11:55
Castillos
19:33
Imperial
40:22
| APM promedio | 26.0 |
| APM pico | 71 |
| eAPM promedio | 14.9 |
| Aldeanos / militares | 98 / 62 |
Foco
⚔️ 29.4% · 🌾 70.6%
Conquistador ×36 · Knight ×18 · Trebuchet (Packed) ×4 · Monk ×2 · Missionary ×2
Feudal
10:48
Castillos
21:45
Imperial
40:56
| APM promedio | 31.6 |
| APM pico | 74 |
| eAPM promedio | 15.4 |
| Aldeanos / militares | 127 / 93 |
Foco
⚔️ 27.0% · 🌾 73.0%
Archer ×68 · Rattan Archer ×16 · Battering Ram ×4 · Trebuchet (Packed) ×3 · Mangonel ×2
Feudal
11:52
Castillos
23:42
Imperial
38:36
| APM promedio | 18.4 |
| APM pico | 49 |
| eAPM promedio | 11.2 |
| Aldeanos / militares | 96 / 62 |
Foco
⚔️ 31.8% · 🌾 68.2%
Skirmisher ×22 · Mangudai ×20 · Camel Scout ×12 · Scout Cavalry ×6 · Trebuchet (Packed) ×2
Feudal
10:19
Castillos
25:17
Imperial
39:54
| APM promedio | 14.3 |
| APM pico | 36 |
| eAPM promedio | 9.0 |
| Aldeanos / militares | 70 / 84 |
Foco
⚔️ 39.4% · 🌾 60.6%
Woad Raider ×27 · Militia ×24 · Spearman ×18 · Skirmisher ×9 · Archer ×3 · Trebuchet (Packed) ×3
Feudal
10:43
Castillos
25:33
Imperial
—
| APM promedio | 23.2 |
| APM pico | 55 |
| eAPM promedio | 13.6 |
| Aldeanos / militares | 124 / 61 |
Foco
⚔️ 21.2% · 🌾 78.8%
Hussite Wagon ×49 · Knight ×7 · Scout Cavalry ×5
Feudal
13:01
Castillos
30:13
Imperial
—
| APM promedio | 14.3 |
| APM pico | 35 |
| eAPM promedio | 9.3 |
| Aldeanos / militares | 75 / 36 |
Foco
⚔️ 31.5% · 🌾 68.5%
Spearman ×14 · Skirmisher ×10 · Camel Scout ×7 · Knight ×2 · Scout Cavalry ×2 · Militia ×1
Feudal
17:17
Castillos
41:00
Imperial
—
| APM promedio | 10.8 |
| APM pico | 35 |
| eAPM promedio | 7.6 |
| Aldeanos / militares | 74 / 16 |
Foco
⚔️ 19.8% · 🌾 80.2%
Unknown (2550) ×18 · Archer ×11 · Skirmisher ×5
Feudal
12:07
Castillos
25:45
Imperial
—
| APM promedio | 22.2 |
| APM pico | 83 |
| eAPM promedio | 11.4 |
| Aldeanos / militares | 49 / 38 |
Foco
⚔️ 29.3% · 🌾 70.7%
Skirmisher ×19 · Serjeant ×11 · Mangonel ×8
Mapa de la partida
Recursos iniciales + cada clic de construcción. Líneas = muros · curvas = relieve. ◆ oro · ⬟ piedra · ● bayas · ✦ reliquia · ◌ hueco del cierre
Tu base· Abierta — flanco sin cerrar
Base de TadeoNeri· Abierta — flanco sin cerrar
Base de luigibros55· Abierta — flanco sin cerrar
Base de guanabanon· Abierta — flanco sin cerrar
Base de emanuel.h15· Abierta — hueco de 6t
Base de evero91· Abierta — flanco sin cerrar
Base de pocpocgames· Abierta — flanco sin cerrar
Base de GordonQuick· Abierta — hueco de 6t
Terreno inicial suavizado · ◌ = hueco del cierre detectado · pasá el cursor para detalles
Inputs por minuto
— John Confirmed - - TadeoNeri
Build order — John Confirmed
Primeras 150 de 232 acciones detectadas
| 0:22 | Crear | Villager (Male) |
| 0:22 | Crear | Villager (Male) |
| 0:22 | Crear | Villager (Male) |
| 0:22 | Crear | Villager (Male) |
| 0:22 | Crear | Villager (Male) |
| 0:27 | Construir | House |
| 1:37 | Crear | Villager (Male) |
| 1:37 | Crear | Villager (Male) |
| 1:49 | Construir | House |
| 2:18 | Crear | Villager (Male) |
| 2:44 | Crear | Villager (Male) |
| 2:45 | Crear | Villager (Male) |
| 3:17 | Construir | Mill |
| 3:21 | Crear | Villager (Male) |
| 3:21 | Crear | Villager (Male) |
| 4:06 | Crear | Villager (Male) |
| 4:28 | Crear | Villager (Male) |
| 4:42 | Construir | House |
| 4:46 | Crear | Villager (Male) |
| 5:57 | Crear | Villager (Male) |
| 5:57 | Crear | Villager (Male) |
| 5:57 | Crear | Villager (Male) |
| 6:29 | Crear | Villager (Male) |
| 6:43 | Construir | Barracks |
| 6:58 | Crear | Villager (Male) |
| 6:59 | Crear | Villager (Male) |
| 6:59 | Crear | Villager (Male) |
| 7:29 | Construir | Lumber Camp |
| 7:58 | Crear | Villager (Male) |
| 7:59 | Crear | Villager (Male) |
| 7:59 | Crear | Villager (Male) |
| 8:05 | Construir | House |
| 8:35 | Crear | Villager (Male) |
| 8:36 | Crear | Villager (Male) |
| 8:36 | Crear | Villager (Male) |
| 8:36 | Crear | Villager (Male) |
| 9:45 | Investigar | Feudal Age |
| 10:45 | Crear | Villager (Male) |
| 10:45 | Crear | Villager (Male) |
| 10:46 | Crear | Villager (Male) |
| 10:46 | Crear | Villager (Male) |
| 10:58 | Construir | Mill |
| 11:22 | Construir | House |
| 11:26 | Construir | House |
| 11:55 | Edad | Edad Feudal |
| 12:13 | Construir | Market |
| 12:29 | Crear | Villager (Male) |
| 12:29 | Crear | Villager (Male) |
| 12:53 | Construir | Blacksmith |
| 13:06 | Construir | Mining Camp |
| 13:22 | Crear | Villager (Male) |
| 13:22 | Crear | Villager (Male) |
| 14:13 | Crear | Villager (Male) |
| 14:23 | Construir | Mining Camp |
| 14:41 | Construir | House |
| 15:57 | Crear | Villager (Male) |
| 15:58 | Crear | Villager (Male) |
| 16:05 | Construir | Farm |
| 16:06 | Construir | Farm |
| 16:09 | Construir | Farm |
| 16:11 | Construir | Farm |
| 16:13 | Construir | Farm |
| 16:16 | Construir | Farm |
| 16:26 | Crear | Villager (Male) |
| 16:53 | Investigar | Castle Age |
| 17:35 | Construir | House |
| 17:38 | Construir | House |
| 17:48 | Construir | Stable |
| 18:06 | Investigar | Forging |
| 19:08 | Crear | Villager (Male) |
| 19:09 | Crear | Villager (Male) |
| 19:26 | Crear | Villager (Male) |
| 19:27 | Crear | Villager (Male) |
| 19:27 | Crear | Villager (Male) |
| 19:28 | Crear | Villager (Male) |
| 19:33 | Edad | Edad de los Castillos |
| 20:28 | Crear | Villager (Male) |
| 20:28 | Crear | Villager (Male) |
| 20:28 | Crear | Villager (Male) |
| 20:28 | Crear | Villager (Male) |
| 20:39 | Construir | Town Center |
| 20:55 | Construir | Monastery |
| 21:05 | Crear | Knight |
| 21:13 | Crear | Knight |
| 21:13 | Crear | Knight |
| 21:13 | Crear | Knight |
| 21:52 | Construir | Castle |
| 22:23 | Crear | Knight |
| 22:23 | Crear | Knight |
| 22:23 | Crear | Knight |
| 22:23 | Crear | Knight |
| 22:40 | Crear | Monk |
| 22:44 | Crear | Villager (Male) |
| 22:45 | Crear | Villager (Male) |
| 23:13 | Construir | Town Center |
| 23:18 | Construir | Farm |
| 23:19 | Construir | Farm |
| 23:42 | Construir | Mining Camp |
| 23:45 | Crear | Conquistador |
| 23:45 | Crear | Conquistador |
| 24:16 | Crear | Conquistador |
| 24:17 | Crear | Conquistador |
| 24:27 | Crear | Villager (Male) |
| 24:27 | Crear | Villager (Male) |
| 24:35 | Construir | Farm |
| 24:37 | Construir | Farm |
| 25:10 | Crear | Monk |
| 25:52 | Crear | Conquistador |
| 25:53 | Crear | Conquistador |
| 25:53 | Crear | Conquistador |
| 26:39 | Investigar | Husbandry |
| 26:47 | Crear | Villager (Male) |
| 26:47 | Crear | Villager (Male) |
| 26:48 | Crear | Villager (Male) |
| 26:59 | Construir | Farm |
| 27:00 | Construir | Farm |
| 27:18 | Crear | Conquistador |
| 27:19 | Crear | Conquistador |
| 28:05 | Construir | Castle |
| 28:09 | Crear | Villager (Male) |
| 28:09 | Crear | Villager (Male) |
| 28:09 | Crear | Villager (Male) |
| 28:15 | Crear | Villager (Male) |
| 28:24 | Construir | Farm |
| 28:42 | Crear | Villager (Male) |
| 28:42 | Crear | Villager (Male) |
| 28:42 | Crear | Villager (Male) |
| 30:21 | Crear | Conquistador |
| 30:21 | Crear | Conquistador |
| 30:21 | Crear | Conquistador |
| 30:22 | Crear | Conquistador |
| 30:22 | Crear | Conquistador |
| 30:22 | Crear | Conquistador |
| 30:22 | Crear | Conquistador |
| 30:45 | Crear | Villager (Male) |
| 30:45 | Crear | Villager (Male) |
| 30:46 | Crear | Villager (Male) |
| 31:08 | Construir | Mining Camp |
| 31:16 | Crear | Villager (Male) |
| 31:17 | Crear | Villager (Male) |
| 31:17 | Crear | Villager (Male) |
| 31:17 | Crear | Villager (Male) |
| 31:51 | Crear | Knight |
| 31:51 | Crear | Knight |
| 31:52 | Crear | Knight |
| 31:52 | Crear | Knight |
| 32:00 | Crear | Villager (Male) |
| 32:16 | Construir | Mill |
| 32:19 | Construir | Farm |
| 32:25 | Construir | Farm |
Build order — TadeoNeri
Primeras 150 de 373 acciones detectadas
| 0:01 | Crear | Villager (Male) |
| 0:02 | Crear | Villager (Male) |
| 0:03 | Construir | House |
| 0:05 | Construir | House |
| 0:05 | Crear | Villager (Male) |
| 0:06 | Crear | Villager (Male) |
| 1:31 | Crear | Villager (Male) |
| 1:59 | Crear | Villager (Male) |
| 2:18 | Crear | Villager (Male) |
| 2:40 | Construir | Lumber Camp |
| 3:03 | Crear | Villager (Male) |
| 3:08 | Crear | Villager (Male) |
| 3:47 | Crear | Villager (Male) |
| 4:01 | Crear | Villager (Male) |
| 5:03 | Crear | Villager (Male) |
| 5:14 | Construir | House |
| 5:18 | Investigar | Loom |
| 5:18 | Crear | Villager (Male) |
| 5:40 | Crear | Villager (Male) |
| 5:40 | Crear | Villager (Male) |
| 5:50 | Construir | House |
| 6:06 | Crear | Villager (Male) |
| 6:35 | Crear | Villager (Male) |
| 6:52 | Crear | Villager (Male) |
| 7:04 | Crear | Villager (Male) |
| 7:23 | Construir | Mill |
| 8:06 | Construir | Mill |
| 8:27 | Investigar | Feudal Age |
| 9:26 | Construir | Barracks |
| 9:42 | Construir | House |
| 9:52 | Construir | Palisade Wall |
| 10:03 | Construir | House |
| 10:07 | Construir | House |
| 10:08 | Construir | House |
| 10:48 | Edad | Edad Feudal |
| 10:48 | Crear | Villager (Male) |
| 10:57 | Investigar | Double-Bit Axe |
| 10:59 | Crear | Villager (Male) |
| 11:16 | Construir | Palisade Wall |
| 11:44 | Construir | Archery Range |
| 11:58 | Construir | Farm |
| 11:59 | Construir | Farm |
| 12:00 | Crear | Villager (Male) |
| 12:01 | Crear | Villager (Male) |
| 12:35 | Construir | Farm |
| 12:38 | Construir | Farm |
| 12:43 | Crear | Villager (Male) |
| 12:43 | Crear | Villager (Male) |
| 13:10 | Crear | Villager (Male) |
| 13:13 | Crear | Archer |
| 13:27 | Construir | Mining Camp |
| 13:36 | Crear | Villager (Male) |
| 13:38 | Crear | Villager (Male) |
| 13:58 | Crear | Villager (Male) |
| 14:11 | Construir | Farm |
| 14:17 | Crear | Villager (Male) |
| 14:28 | Construir | House |
| 14:34 | Construir | House |
| 14:48 | Crear | Villager (Male) |
| 14:57 | Crear | Villager (Male) |
| 15:09 | Crear | Villager (Male) |
| 15:18 | Crear | Archer |
| 15:43 | Construir | Blacksmith |
| 15:50 | Construir | Farm |
| 15:51 | Construir | Farm |
| 15:53 | Construir | Farm |
| 15:55 | Crear | Villager (Male) |
| 15:56 | Crear | Archer |
| 16:21 | Crear | Archer |
| 16:41 | Crear | Villager (Male) |
| 16:59 | Construir | Farm |
| 17:00 | Crear | Villager (Male) |
| 17:03 | Crear | Archer |
| 17:30 | Crear | Villager (Male) |
| 17:36 | Crear | Archer |
| 17:56 | Investigar | Fletching |
| 18:07 | Crear | Archer |
| 18:09 | Crear | Villager (Male) |
| 19:02 | Investigar | Gold Mining |
| 19:05 | Investigar | Castle Age |
| 19:07 | Crear | Villager (Male) |
| 19:15 | Investigar | Horse Collar |
| 19:32 | Crear | Archer |
| 19:33 | Crear | Archer |
| 20:05 | Crear | Villager (Male) |
| 20:07 | Crear | Archer |
| 20:44 | Construir | Farm |
| 20:45 | Construir | Farm |
| 20:46 | Construir | Farm |
| 20:51 | Construir | Farm |
| 20:53 | Construir | Farm |
| 20:54 | Construir | Farm |
| 21:02 | Crear | Archer |
| 21:06 | Construir | Farm |
| 21:06 | Construir | Farm |
| 21:11 | Construir | Farm |
| 21:12 | Construir | Farm |
| 21:45 | Edad | Edad de los Castillos |
| 21:56 | Investigar | Crossbowman (upgrade) |
| 22:10 | Construir | Town Center |
| 22:25 | Construir | Town Center |
| 22:29 | Investigar | Bow Saw |
| 22:31 | Crear | Villager (Male) |
| 22:35 | Investigar | Crossbowman (upgrade) |
| 22:36 | Crear | Villager (Male) |
| 22:46 | Construir | House |
| 22:47 | Construir | House |
| 22:50 | Construir | House |
| 22:50 | Construir | House |
| 22:55 | Investigar | Bodkin Arrow |
| 22:57 | Crear | Villager (Male) |
| 23:03 | Construir | Farm |
| 23:04 | Construir | Farm |
| 23:05 | Construir | Farm |
| 23:19 | Construir | Siege Workshop |
| 23:31 | Crear | Villager (Male) |
| 23:52 | Investigar | Heavy Plow |
| 23:54 | Crear | Villager (Male) |
| 23:54 | Crear | Villager (Male) |
| 24:01 | Construir | Farm |
| 24:05 | Construir | Farm |
| 24:17 | Crear | Archer |
| 24:17 | Crear | Archer |
| 24:24 | Crear | Mangonel |
| 24:37 | Crear | Villager (Male) |
| 24:38 | Investigar | Wheelbarrow |
| 24:54 | Crear | Villager (Male) |
| 24:54 | Crear | Villager (Male) |
| 25:06 | Construir | Farm |
| 25:07 | Construir | Farm |
| 25:07 | Construir | Farm |
| 25:12 | Crear | Villager (Male) |
| 25:12 | Crear | Villager (Male) |
| 25:28 | Crear | Archer |
| 25:28 | Crear | Archer |
| 25:35 | Construir | Archery Range |
| 25:58 | Investigar | Padded Archer Armor |
| 26:00 | Crear | Archer |
| 26:01 | Crear | Archer |
| 26:13 | Crear | Archer |
| 26:34 | Crear | Archer |
| 26:34 | Crear | Archer |
| 26:35 | Crear | Archer |
| 26:50 | Crear | Mangonel |
| 27:02 | Construir | Stone Wall |
| 27:21 | Crear | Archer |
| 27:21 | Crear | Archer |
| 27:22 | Crear | Villager (Male) |
| 27:22 | Crear | Villager (Male) |
| 27:23 | Crear | Villager (Male) |
Build order — luigibros55
Primeras 150 de 283 acciones detectadas
| 0:03 | Construir | House |
| 0:05 | Construir | House |
| 0:06 | Crear | Villager (Male) |
| 0:06 | Crear | Villager (Male) |
| 0:06 | Crear | Villager (Male) |
| 0:06 | Crear | Villager (Male) |
| 1:29 | Crear | Villager (Male) |
| 1:52 | Construir | Lumber Camp |
| 2:28 | Crear | Villager (Male) |
| 2:29 | Crear | Villager (Male) |
| 3:11 | Crear | Villager (Male) |
| 3:39 | Crear | Villager (Male) |
| 3:49 | Construir | House |
| 4:02 | Crear | Villager (Male) |
| 4:15 | Construir | House |
| 4:30 | Crear | Villager (Male) |
| 5:25 | Crear | Villager (Male) |
| 5:31 | Construir | Barracks |
| 5:57 | Crear | Villager (Male) |
| 5:58 | Crear | Villager (Male) |
| 6:05 | Crear | Villager (Male) |
| 6:50 | Construir | Mill |
| 6:51 | Crear | Villager (Male) |
| 6:52 | Crear | Villager (Male) |
| 7:06 | Crear | Villager (Male) |
| 7:25 | Crear | Villager (Male) |
| 7:39 | Crear | Villager (Male) |
| 8:12 | Construir | Mill |
| 8:13 | Crear | Villager (Male) |
| 9:02 | Construir | Mining Camp |
| 9:22 | Investigar | Feudal Age |
| 9:38 | Construir | House |
| 9:40 | Construir | House |
| 9:42 | Construir | House |
| 9:44 | Construir | House |
| 9:45 | Construir | House |
| 10:39 | Crear | Villager (Male) |
| 10:39 | Crear | Villager (Male) |
| 11:42 | Construir | House |
| 11:44 | Construir | House |
| 11:46 | Construir | House |
| 11:47 | Construir | House |
| 11:48 | Construir | House |
| 11:49 | Construir | House |
| 11:51 | Construir | House |
| 11:52 | Construir | House |
| 11:52 | Edad | Edad Feudal |
| 11:58 | Investigar | Double-Bit Axe |
| 12:29 | Construir | Archery Range |
| 12:36 | Crear | Villager (Male) |
| 12:48 | Crear | Villager (Male) |
| 12:54 | Investigar | Horse Collar |
| 13:18 | Crear | Villager (Male) |
| 13:31 | Construir | Farm |
| 13:31 | Construir | Farm |
| 13:32 | Construir | Farm |
| 13:32 | Construir | Farm |
| 13:32 | Construir | Farm |
| 13:32 | Construir | Farm |
| 13:32 | Construir | Farm |
| 13:33 | Construir | Farm |
| 13:53 | Construir | Palisade Gate |
| 13:55 | Crear | Skirmisher |
| 13:56 | Crear | Skirmisher |
| 14:04 | Crear | Villager (Male) |
| 14:05 | Crear | Villager (Male) |
| 14:32 | Construir | Lumber Camp |
| 14:37 | Crear | Villager (Male) |
| 14:53 | Construir | Palisade Wall |
| 14:57 | Crear | Skirmisher |
| 15:01 | Construir | Farm |
| 15:02 | Crear | Villager (Male) |
| 15:21 | Crear | Villager (Male) |
| 15:24 | Construir | Farm |
| 15:26 | Crear | Villager (Male) |
| 15:34 | Construir | Farm |
| 15:35 | Crear | Villager (Male) |
| 15:54 | Construir | Palisade Gate |
| 16:01 | Construir | Mining Camp |
| 16:02 | Construir | Farm |
| 16:34 | Crear | Villager (Male) |
| 16:37 | Construir | Farm |
| 16:38 | Crear | Villager (Male) |
| 16:43 | Construir | Farm |
| 16:51 | Construir | House |
| 17:10 | Construir | Farm |
| 17:11 | Crear | Villager (Male) |
| 17:25 | Crear | Skirmisher |
| 17:25 | Crear | Skirmisher |
| 17:26 | Crear | Skirmisher |
| 17:33 | Construir | Farm |
| 17:43 | Construir | Palisade Wall |
| 17:51 | Crear | Villager (Male) |
| 17:59 | Construir | Farm |
| 18:31 | Construir | Stable |
| 19:11 | Construir | Farm |
| 19:12 | Crear | Villager (Male) |
| 19:13 | Crear | Villager (Male) |
| 19:46 | Construir | Farm |
| 19:51 | Construir | Blacksmith |
| 20:21 | Crear | Scout Cavalry |
| 20:21 | Crear | Scout Cavalry |
| 20:22 | Crear | Scout Cavalry |
| 20:22 | Crear | Scout Cavalry |
| 20:22 | Crear | Scout Cavalry |
| 20:41 | Construir | Farm |
| 20:45 | Construir | Farm |
| 20:45 | Construir | Farm |
| 20:45 | Construir | Farm |
| 20:46 | Construir | Farm |
| 20:57 | Construir | Market |
| 21:00 | Crear | Villager (Male) |
| 21:02 | Investigar | Castle Age |
| 21:05 | Investigar | Wheelbarrow |
| 21:43 | Investigar | Fletching |
| 21:44 | Investigar | Forging |
| 22:49 | Crear | Scout Cavalry |
| 22:53 | Investigar | Padded Archer Armor |
| 22:53 | Investigar | Scale Barding Armor |
| 23:08 | Crear | Villager (Male) |
| 23:08 | Crear | Villager (Male) |
| 23:09 | Crear | Villager (Male) |
| 23:16 | Investigar | Stone Mining |
| 23:42 | Edad | Edad de los Castillos |
| 24:15 | Construir | Town Center |
| 24:22 | Crear | Villager (Male) |
| 24:22 | Crear | Villager (Male) |
| 24:23 | Crear | Villager (Male) |
| 25:20 | Investigar | Scale Mail Armor |
| 25:24 | Investigar | Bodkin Arrow |
| 25:25 | Investigar | Iron Casting |
| 25:32 | Crear | Skirmisher |
| 25:32 | Crear | Skirmisher |
| 25:32 | Crear | Skirmisher |
| 25:32 | Crear | Skirmisher |
| 25:33 | Crear | Skirmisher |
| 25:33 | Crear | Skirmisher |
| 25:33 | Crear | Skirmisher |
| 25:34 | Crear | Skirmisher |
| 25:36 | Crear | Villager (Male) |
| 25:37 | Crear | Villager (Male) |
| 25:37 | Crear | Villager (Male) |
| 25:37 | Crear | Villager (Male) |
| 25:37 | Crear | Villager (Male) |
| 26:07 | Construir | Farm |
| 26:07 | Construir | Farm |
| 26:08 | Construir | Farm |
| 26:08 | Construir | Farm |
| 26:08 | Construir | Farm |
| 26:08 | Construir | Farm |
Build order — guanabanon
Primeras 150 de 245 acciones detectadas
| 0:00 | Crear | Villager (Male) |
| 0:01 | Crear | Villager (Male) |
| 0:01 | Crear | Villager (Male) |
| 0:01 | Crear | Villager (Male) |
| 0:03 | Construir | House |
| 0:05 | Construir | House |
| 1:28 | Crear | Villager (Male) |
| 2:19 | Crear | Villager (Male) |
| 2:20 | Crear | Villager (Male) |
| 3:02 | Crear | Villager (Male) |
| 3:02 | Crear | Villager (Male) |
| 3:38 | Crear | Villager (Male) |
| 3:39 | Crear | Villager (Male) |
| 4:00 | Construir | House |
| 4:38 | Crear | Villager (Male) |
| 5:05 | Construir | Mill |
| 5:11 | Crear | Villager (Male) |
| 5:12 | Crear | Villager (Male) |
| 6:04 | Crear | Villager (Male) |
| 6:35 | Construir | Lumber Camp |
| 7:22 | Crear | Villager (Male) |
| 8:09 | Investigar | Feudal Age |
| 8:09 | Investigar | Feudal Age |
| 8:19 | Construir | Barracks |
| 8:42 | Construir | House |
| 9:57 | Construir | Farm |
| 10:00 | Construir | Farm |
| 10:05 | Construir | Farm |
| 10:19 | Edad | Edad Feudal |
| 10:23 | Crear | Villager (Male) |
| 10:23 | Crear | Villager (Male) |
| 10:28 | Investigar | Wheelbarrow |
| 10:34 | Crear | Militia |
| 10:34 | Crear | Militia |
| 10:35 | Crear | Militia |
| 10:42 | Crear | Villager (Male) |
| 10:42 | Crear | Villager (Male) |
| 10:54 | Investigar | Double-Bit Axe |
| 11:22 | Investigar | Horse Collar |
| 12:00 | Investigar | Man-at-Arms (upgrade) |
| 12:19 | Crear | Villager (Male) |
| 12:33 | Construir | House |
| 13:19 | Crear | Villager (Male) |
| 13:34 | Construir | Mining Camp |
| 14:15 | Crear | Villager (Male) |
| 14:15 | Crear | Villager (Male) |
| 14:32 | Construir | Farm |
| 14:37 | Construir | Farm |
| 14:41 | Construir | Farm |
| 14:43 | Construir | Farm |
| 14:46 | Construir | Farm |
| 14:50 | Construir | Farm |
| 14:53 | Crear | Villager (Male) |
| 14:54 | Crear | Villager (Male) |
| 14:57 | Investigar | Gold Mining |
| 15:16 | Crear | Militia |
| 15:26 | Construir | Farm |
| 15:28 | Crear | Villager (Male) |
| 16:08 | Crear | Militia |
| 16:38 | Construir | Palisade Wall |
| 17:03 | Construir | House |
| 17:06 | Crear | Villager (Male) |
| 17:06 | Crear | Villager (Male) |
| 17:14 | Construir | House |
| 17:16 | Construir | House |
| 17:40 | Construir | Archery Range |
| 17:50 | Construir | Blacksmith |
| 17:55 | Construir | Farm |
| 17:59 | Construir | Farm |
| 18:02 | Construir | Farm |
| 18:34 | Crear | Militia |
| 18:35 | Crear | Militia |
| 18:36 | Crear | Militia |
| 18:45 | Investigar | Forging |
| 18:48 | Investigar | Scale Mail Armor |
| 19:15 | Construir | Farm |
| 19:45 | Crear | Villager (Male) |
| 19:45 | Crear | Villager (Male) |
| 19:45 | Crear | Villager (Male) |
| 19:48 | Crear | Villager (Male) |
| 20:15 | Crear | Skirmisher |
| 20:16 | Crear | Skirmisher |
| 20:16 | Crear | Skirmisher |
| 20:16 | Crear | Skirmisher |
| 20:16 | Crear | Skirmisher |
| 20:17 | Crear | Skirmisher |
| 20:22 | Construir | Farm |
| 20:41 | Construir | Farm |
| 21:06 | Construir | Farm |
| 22:30 | Crear | Archer |
| 22:30 | Crear | Archer |
| 22:37 | Investigar | Castle Age |
| 23:26 | Construir | Mining Camp |
| 23:45 | Crear | Archer |
| 24:03 | Investigar | Fletching |
| 24:07 | Investigar | Padded Archer Armor |
| 24:22 | Investigar | Stone Mining |
| 25:17 | Edad | Edad de los Castillos |
| 25:19 | Crear | Villager (Male) |
| 25:19 | Crear | Villager (Male) |
| 25:20 | Crear | Villager (Male) |
| 25:20 | Crear | Villager (Male) |
| 25:25 | Investigar | Hand Cart |
| 25:44 | Investigar | Iron Casting |
| 25:47 | Investigar | Long Swordsman (upgrade) |
| 25:49 | Crear | Militia |
| 25:49 | Crear | Militia |
| 25:49 | Crear | Militia |
| 26:03 | Crear | Villager (Male) |
| 26:04 | Crear | Villager (Male) |
| 26:04 | Crear | Villager (Male) |
| 26:10 | Investigar | Heavy Plow |
| 26:29 | Construir | House |
| 26:32 | Construir | House |
| 27:11 | Crear | Spearman |
| 27:11 | Crear | Spearman |
| 27:11 | Crear | Spearman |
| 27:15 | Investigar | Chain Mail Armor |
| 27:17 | Crear | Villager (Male) |
| 27:17 | Crear | Villager (Male) |
| 27:22 | Construir | House |
| 27:35 | Investigar | Bow Saw |
| 27:50 | Investigar | Stone Shaft Mining |
| 27:55 | Construir | Farm |
| 27:58 | Construir | Farm |
| 28:01 | Crear | Villager (Male) |
| 28:16 | Crear | Villager (Male) |
| 28:42 | Construir | Farm |
| 28:58 | Investigar | Gold Shaft Mining |
| 29:00 | Crear | Villager (Male) |
| 29:00 | Crear | Villager (Male) |
| 29:01 | Crear | Villager (Male) |
| 29:26 | Construir | Town Center |
| 29:46 | Investigar | Pikeman (upgrade) |
| 30:41 | Crear | Villager (Male) |
| 30:42 | Crear | Villager (Male) |
| 30:57 | Crear | Villager (Male) |
| 31:17 | Crear | Villager (Male) |
| 31:21 | Investigar | Gambesons |
| 31:23 | Investigar | Scale Barding Armor |
| 31:47 | Crear | Spearman |
| 31:47 | Crear | Spearman |
| 31:47 | Crear | Spearman |
| 31:48 | Crear | Militia |
| 31:48 | Crear | Militia |
| 32:33 | Crear | Skirmisher |
| 32:34 | Crear | Skirmisher |
| 32:34 | Crear | Skirmisher |
| 32:42 | Crear | Villager (Male) |
| 32:42 | Crear | Villager (Male) |
Build order — emanuel.h15
Primeras 150 de 310 acciones detectadas
| 0:01 | Crear | Villager (Male) |
| 0:02 | Crear | Villager (Male) |
| 0:02 | Crear | Villager (Male) |
| 0:04 | Construir | House |
| 0:07 | Construir | House |
| 1:14 | Crear | Villager (Male) |
| 1:41 | Crear | Villager (Male) |
| 1:51 | Construir | Lumber Camp |
| 2:04 | Crear | Villager (Male) |
| 2:19 | Crear | Villager (Male) |
| 2:54 | Crear | Villager (Male) |
| 3:10 | Crear | Villager (Male) |
| 3:42 | Crear | Villager (Male) |
| 4:00 | Crear | Villager (Male) |
| 4:45 | Crear | Villager (Male) |
| 4:52 | Construir | House |
| 4:54 | Construir | House |
| 5:28 | Crear | Villager (Male) |
| 6:03 | Construir | Mill |
| 6:19 | Crear | Villager (Male) |
| 7:08 | Crear | Villager (Male) |
| 7:34 | Crear | Villager (Male) |
| 7:56 | Crear | Villager (Male) |
| 8:33 | Investigar | Feudal Age |
| 8:46 | Construir | House |
| 9:19 | Construir | Barracks |
| 9:24 | Construir | House |
| 9:39 | Crear | Villager (Male) |
| 10:16 | Investigar | Loom |
| 10:43 | Edad | Edad Feudal |
| 10:46 | Construir | Farm |
| 10:46 | Construir | Farm |
| 10:51 | Crear | Villager (Male) |
| 10:59 | Construir | Stable |
| 11:08 | Construir | Palisade Gate |
| 11:20 | Crear | Villager (Male) |
| 11:26 | Construir | Farm |
| 11:35 | Crear | Villager (Male) |
| 11:43 | Crear | Scout Cavalry |
| 11:43 | Crear | Scout Cavalry |
| 11:43 | Crear | Scout Cavalry |
| 11:43 | Crear | Scout Cavalry |
| 11:53 | Construir | Farm |
| 11:53 | Construir | Farm |
| 12:09 | Construir | Farm |
| 12:14 | Construir | Farm |
| 12:14 | Construir | Farm |
| 12:24 | Construir | Palisade Wall |
| 12:29 | Crear | Villager (Male) |
| 12:56 | Crear | Villager (Male) |
| 13:02 | Construir | Farm |
| 13:14 | Crear | Villager (Male) |
| 13:18 | Construir | Farm |
| 13:28 | Crear | Villager (Male) |
| 13:56 | Crear | Villager (Male) |
| 14:06 | Crear | Villager (Male) |
| 14:10 | Crear | Villager (Male) |
| 14:30 | Crear | Villager (Male) |
| 14:35 | Construir | Farm |
| 14:35 | Construir | Farm |
| 15:06 | Crear | Villager (Male) |
| 15:14 | Crear | Villager (Male) |
| 15:21 | Crear | Villager (Male) |
| 15:34 | Crear | Villager (Male) |
| 15:38 | Construir | Mining Camp |
| 15:45 | Crear | Villager (Male) |
| 16:14 | Crear | Villager (Male) |
| 16:21 | Construir | House |
| 16:22 | Construir | House |
| 16:26 | Construir | House |
| 16:40 | Construir | Blacksmith |
| 16:45 | Crear | Villager (Male) |
| 16:55 | Crear | Scout Cavalry |
| 17:21 | Crear | Villager (Male) |
| 17:43 | Crear | Villager (Male) |
| 17:54 | Crear | Villager (Male) |
| 18:05 | Crear | Villager (Male) |
| 18:25 | Construir | Palisade Wall |
| 19:22 | Crear | Villager (Male) |
| 19:29 | Construir | Farm |
| 19:29 | Construir | Farm |
| 19:30 | Construir | Farm |
| 19:31 | Crear | Villager (Male) |
| 19:52 | Crear | Villager (Male) |
| 19:56 | Construir | Farm |
| 20:15 | Crear | Villager (Male) |
| 20:48 | Construir | Farm |
| 20:48 | Construir | Farm |
| 20:57 | Construir | House |
| 21:04 | Construir | Market |
| 21:11 | Construir | House |
| 21:13 | Construir | Palisade Wall |
| 21:16 | Crear | Villager (Male) |
| 21:31 | Construir | Farm |
| 21:46 | Investigar | Forging |
| 21:46 | Investigar | Scale Barding Armor |
| 22:01 | Construir | Farm |
| 22:47 | Investigar | Castle Age |
| 22:53 | Investigar | Castle Age |
| 22:53 | Investigar | Wheelbarrow |
| 22:59 | Construir | Lumber Camp |
| 23:04 | Construir | Lumber Camp |
| 24:29 | Construir | Palisade Gate |
| 24:33 | Construir | Palisade Wall |
| 24:38 | Construir | Palisade Wall |
| 24:43 | Construir | Palisade Wall |
| 24:57 | Construir | Farm |
| 24:58 | Construir | Farm |
| 24:58 | Construir | Farm |
| 25:33 | Edad | Edad de los Castillos |
| 25:38 | Construir | Town Center |
| 25:44 | Construir | House |
| 25:46 | Construir | House |
| 25:48 | Construir | Palisade Wall |
| 26:01 | Crear | Villager (Male) |
| 26:20 | Investigar | Husbandry |
| 26:27 | Investigar | Chain Barding Armor |
| 26:40 | Crear | Knight |
| 26:40 | Crear | Knight |
| 26:40 | Crear | Knight |
| 26:51 | Crear | Villager (Male) |
| 26:55 | Crear | Villager (Male) |
| 27:15 | Construir | Mining Camp |
| 27:30 | Crear | Villager (Male) |
| 27:31 | Crear | Villager (Male) |
| 27:32 | Crear | Villager (Male) |
| 27:32 | Crear | Villager (Male) |
| 27:32 | Crear | Villager (Male) |
| 27:39 | Construir | House |
| 27:53 | Crear | Villager (Male) |
| 27:53 | Crear | Villager (Male) |
| 28:33 | Construir | Castle |
| 28:36 | Construir | Mining Camp |
| 28:39 | Crear | Villager (Male) |
| 28:46 | Investigar | Double-Bit Axe |
| 29:10 | Crear | Villager (Male) |
| 29:11 | Crear | Villager (Male) |
| 29:24 | Crear | Knight |
| 29:24 | Crear | Knight |
| 29:24 | Crear | Knight |
| 29:25 | Crear | Knight |
| 29:31 | Crear | Villager (Male) |
| 29:50 | Crear | Villager (Male) |
| 29:51 | Crear | Villager (Male) |
| 29:52 | Crear | Villager (Male) |
| 29:55 | Crear | Villager (Male) |
| 30:03 | Construir | Town Center |
| 30:04 | Crear | Villager (Male) |
| 30:06 | Crear | Villager (Male) |
| 30:06 | Crear | Villager (Male) |
Build order — evero91
Primeras 150 de 212 acciones detectadas
| 0:00 | Crear | Villager (Male) |
| 0:01 | Crear | Villager (Male) |
| 0:01 | Crear | Villager (Male) |
| 0:02 | Crear | Villager (Male) |
| 0:04 | Construir | House |
| 0:06 | Construir | House |
| 1:14 | Investigar | Loom |
| 1:43 | Crear | Villager (Male) |
| 2:13 | Crear | Villager (Male) |
| 2:31 | Crear | Villager (Male) |
| 3:14 | Crear | Villager (Male) |
| 3:37 | Crear | Villager (Male) |
| 3:50 | Construir | House |
| 3:56 | Crear | Villager (Male) |
| 4:12 | Construir | Lumber Camp |
| 4:24 | Crear | Villager (Male) |
| 4:30 | Construir | Mill |
| 4:44 | Crear | Villager (Male) |
| 5:21 | Crear | Villager (Male) |
| 5:40 | Crear | Villager (Male) |
| 6:00 | Construir | Mill |
| 6:09 | Crear | Villager (Male) |
| 6:22 | Construir | House |
| 6:28 | Construir | House |
| 6:54 | Crear | Villager (Male) |
| 6:56 | Construir | Farm |
| 7:23 | Construir | Farm |
| 7:35 | Construir | Farm |
| 7:38 | Crear | Villager (Male) |
| 7:38 | Crear | Villager (Male) |
| 7:59 | Construir | Palisade Wall |
| 8:10 | Crear | Villager (Male) |
| 8:24 | Construir | House |
| 8:31 | Construir | Palisade Wall |
| 8:42 | Crear | Villager (Male) |
| 8:56 | Construir | Farm |
| 9:03 | Construir | Farm |
| 9:05 | Crear | Villager (Male) |
| 9:20 | Construir | Farm |
| 9:49 | Crear | Villager (Male) |
| 10:08 | Construir | House |
| 10:13 | Construir | Palisade Wall |
| 10:31 | Construir | Palisade Wall |
| 10:38 | Construir | Palisade Wall |
| 10:44 | Construir | Farm |
| 10:51 | Investigar | Feudal Age |
| 11:13 | Construir | Mining Camp |
| 11:33 | Construir | Palisade Wall |
| 11:54 | Construir | Mining Camp |
| 11:57 | Crear | Villager (Male) |
| 11:58 | Crear | Villager (Male) |
| 12:45 | Construir | Barracks |
| 13:01 | Edad | Edad Feudal |
| 13:15 | Crear | Villager (Male) |
| 14:25 | Construir | Watch Tower |
| 14:36 | Construir | Stable |
| 15:19 | Crear | Scout Cavalry |
| 15:20 | Crear | Scout Cavalry |
| 15:33 | Construir | Farm |
| 15:35 | Construir | Farm |
| 15:36 | Construir | Farm |
| 16:31 | Crear | Villager (Male) |
| 16:31 | Crear | Villager (Male) |
| 16:32 | Crear | Villager (Male) |
| 16:40 | Crear | Spearman |
| 16:40 | Crear | Spearman |
| 16:41 | Crear | Spearman |
| 17:02 | Construir | Farm |
| 17:35 | Construir | House |
| 17:46 | Construir | House |
| 17:51 | Crear | Villager (Male) |
| 17:51 | Crear | Villager (Male) |
| 17:53 | Construir | Farm |
| 17:54 | Construir | Farm |
| 18:05 | Crear | Militia |
| 18:07 | Crear | Spearman |
| 18:08 | Crear | Spearman |
| 18:09 | Crear | Spearman |
| 18:10 | Crear | Spearman |
| 18:19 | Construir | Farm |
| 18:49 | Crear | Spearman |
| 19:10 | Construir | Watch Tower |
| 19:11 | Crear | Villager (Male) |
| 19:11 | Crear | Villager (Male) |
| 19:12 | Crear | Villager (Male) |
| 20:00 | Construir | House |
| 20:04 | Construir | House |
| 21:10 | Construir | Watch Tower |
| 21:21 | Crear | Villager (Male) |
| 21:21 | Crear | Villager (Male) |
| 21:21 | Crear | Villager (Male) |
| 21:22 | Crear | Villager (Male) |
| 21:22 | Crear | Villager (Male) |
| 21:52 | Construir | Watch Tower |
| 23:28 | Construir | Farm |
| 23:31 | Construir | Farm |
| 23:32 | Crear | Villager (Male) |
| 23:32 | Crear | Villager (Male) |
| 23:33 | Crear | Villager (Male) |
| 23:38 | Construir | Farm |
| 23:41 | Crear | Villager (Male) |
| 23:42 | Crear | Villager (Male) |
| 24:00 | Crear | Spearman |
| 24:00 | Crear | Spearman |
| 24:00 | Crear | Spearman |
| 24:30 | Crear | Spearman |
| 24:50 | Crear | Villager (Male) |
| 26:03 | Construir | Archery Range |
| 27:33 | Investigar | Castle Age |
| 27:38 | Crear | Skirmisher |
| 27:38 | Crear | Skirmisher |
| 27:38 | Crear | Skirmisher |
| 28:29 | Construir | Watch Tower |
| 28:46 | Crear | Skirmisher |
| 28:46 | Crear | Skirmisher |
| 29:17 | Construir | Barracks |
| 29:22 | Crear | Spearman |
| 29:22 | Crear | Spearman |
| 30:13 | Edad | Edad de los Castillos |
| 30:22 | Construir | Market |
| 30:33 | Crear | Villager (Male) |
| 30:33 | Crear | Villager (Male) |
| 30:38 | Investigar | Husbandry |
| 30:39 | Crear | Camel Scout |
| 30:39 | Crear | Camel Scout |
| 30:57 | Investigar | Double-Bit Axe |
| 31:11 | Construir | Town Center |
| 31:14 | Crear | Villager (Male) |
| 31:23 | Investigar | Pikeman (upgrade) |
| 31:42 | Crear | Skirmisher |
| 31:43 | Crear | Skirmisher |
| 31:43 | Crear | Skirmisher |
| 31:43 | Crear | Skirmisher |
| 31:44 | Crear | Skirmisher |
| 32:14 | Crear | Knight |
| 32:14 | Crear | Knight |
| 32:18 | Crear | Camel Scout |
| 32:18 | Crear | Camel Scout |
| 32:58 | Crear | Camel Scout |
| 32:58 | Crear | Camel Scout |
| 32:59 | Crear | Camel Scout |
| 33:55 | Construir | Town Center |
| 36:18 | Construir | Lumber Camp |
| 36:23 | Crear | Villager (Male) |
| 36:24 | Crear | Villager (Male) |
| 36:24 | Crear | Villager (Male) |
| 36:25 | Crear | Villager (Male) |
| 36:25 | Crear | Villager (Male) |
| 36:42 | Construir | Lumber Camp |
| 36:47 | Crear | Villager (Male) |
Build order — pocpocgames
Primeras 150 de 163 acciones detectadas
| 0:17 | Construir | House |
| 0:19 | Construir | House |
| 0:29 | Crear | Villager (Male) ×4 |
| 1:13 | Construir | Settlement |
| 1:30 | Construir | House |
| 1:34 | Construir | House |
| 1:36 | Construir | House |
| 2:55 | Investigar | Loom |
| 3:19 | Crear | Villager (Male) |
| 3:19 | Crear | Villager (Male) |
| 4:21 | Construir | Settlement |
| 4:32 | Crear | Villager (Male) |
| 4:32 | Crear | Villager (Male) |
| 5:11 | Crear | Villager (Male) |
| 5:11 | Crear | Villager (Male) |
| 5:43 | Crear | Villager (Male) |
| 6:11 | Crear | Villager (Male) |
| 6:11 | Crear | Villager (Male) |
| 6:34 | Crear | Villager (Male) |
| 6:47 | Crear | Villager (Male) |
| 7:32 | Crear | Villager (Male) |
| 7:32 | Crear | Villager (Male) |
| 7:33 | Crear | Villager (Male) |
| 7:33 | Crear | Villager (Male) |
| 8:08 | Crear | Villager (Male) |
| 8:09 | Crear | Villager (Male) |
| 8:09 | Crear | Villager (Male) |
| 8:49 | Crear | Villager (Male) |
| 8:49 | Crear | Villager (Male) |
| 8:50 | Crear | Villager (Male) |
| 8:50 | Crear | Villager (Male) |
| 9:25 | Crear | Villager (Male) |
| 9:26 | Crear | Villager (Male) |
| 9:26 | Crear | Villager (Male) |
| 9:26 | Crear | Villager (Male) |
| 11:10 | Crear | Villager (Male) ×3 |
| 11:11 | Crear | Villager (Male) ×3 |
| 11:42 | Crear | Villager (Male) |
| 11:42 | Crear | Villager (Male) |
| 11:42 | Crear | Villager (Male) |
| 12:22 | Construir | Settlement |
| 12:30 | Construir | Settlement |
| 13:45 | Construir | Settlement |
| 14:52 | Construir | Farm |
| 14:54 | Construir | Farm |
| 14:55 | Construir | Farm |
| 14:57 | Construir | Farm |
| 15:07 | Investigar | Feudal Age |
| 15:07 | Crear | Villager (Male) |
| 15:08 | Crear | Villager (Male) |
| 15:08 | Crear | Villager (Male) |
| 15:08 | Crear | Villager (Male) |
| 15:09 | Crear | Villager (Male) |
| 15:09 | Crear | Villager (Male) |
| 15:10 | Crear | Villager (Male) |
| 15:10 | Crear | Villager (Male) |
| 15:34 | Crear | Villager (Male) |
| 15:34 | Crear | Villager (Male) |
| 16:36 | Crear | Villager (Male) |
| 16:36 | Crear | Villager (Male) |
| 16:37 | Crear | Villager (Male) |
| 16:37 | Crear | Villager (Male) |
| 16:37 | Crear | Villager (Male) |
| 17:17 | Edad | Edad Feudal |
| 17:35 | Investigar | Town Watch |
| 17:46 | Construir | Farm |
| 17:47 | Construir | Farm |
| 17:48 | Construir | Farm |
| 17:50 | Construir | Farm |
| 17:51 | Construir | Farm |
| 17:52 | Construir | Farm |
| 18:23 | Construir | Farm |
| 19:01 | Construir | Farm |
| 19:37 | Investigar | Double-Bit Axe |
| 19:46 | Investigar | Wheelbarrow |
| 20:04 | Crear | Villager (Male) |
| 20:14 | Construir | Farm |
| 20:32 | Investigar | Horse Collar |
| 21:08 | Crear | Villager (Male) ×2 |
| 21:18 | Construir | Watch Tower |
| 21:19 | Construir | Watch Tower |
| 22:42 | Construir | Farm |
| 22:48 | Construir | Farm |
| 22:55 | Construir | Farm |
| 23:15 | Construir | Farm |
| 23:30 | Construir | Watch Tower |
| 23:32 | Construir | Watch Tower |
| 23:34 | Construir | Watch Tower |
| 23:54 | Crear | Villager (Male) ×5 |
| 23:55 | Crear | Villager (Male) ×5 |
| 24:58 | Construir | Watch Tower |
| 25:02 | Construir | Watch Tower |
| 26:12 | Construir | Barracks |
| 26:14 | Construir | Barracks |
| 26:24 | Construir | Barracks |
| 27:13 | Investigar | Tech 1402 |
| 27:27 | Investigar | Arson |
| 27:56 | Construir | Watch Tower |
| 27:57 | Construir | Watch Tower |
| 28:10 | Construir | Farm |
| 28:50 | Construir | Archery Range |
| 28:51 | Construir | Archery Range |
| 28:53 | Construir | Archery Range |
| 29:10 | Crear | Unit 2550 |
| 29:10 | Crear | Unit 2550 |
| 29:10 | Crear | Unit 2550 |
| 29:11 | Crear | Unit 2550 |
| 29:11 | Crear | Unit 2550 |
| 29:12 | Crear | Unit 2550 |
| 29:12 | Crear | Unit 2550 |
| 29:27 | Construir | Farm |
| 29:39 | Construir | Farm |
| 30:14 | Construir | Settlement |
| 30:23 | Construir | Farm |
| 30:39 | Crear | Unit 2550 ×5 |
| 30:55 | Construir | Farm |
| 31:01 | Construir | Farm |
| 31:09 | Construir | Farm |
| 32:23 | Crear | Unit 2550 |
| 32:23 | Crear | Unit 2550 |
| 32:23 | Crear | Unit 2550 |
| 32:23 | Crear | Unit 2550 |
| 32:24 | Crear | Unit 2550 |
| 32:24 | Crear | Unit 2550 |
| 32:40 | Crear | Skirmisher ×5 |
| 32:44 | Crear | Archer ×3 |
| 32:57 | Crear | Archer |
| 32:57 | Crear | Archer |
| 33:51 | Crear | Villager (Male) |
| 33:51 | Crear | Villager (Male) |
| 33:51 | Crear | Villager (Male) |
| 34:10 | Crear | Villager (Male) |
| 34:11 | Crear | Villager (Male) |
| 34:11 | Crear | Villager (Male) |
| 34:11 | Crear | Villager (Male) |
| 34:48 | Construir | Stone Wall |
| 34:56 | Construir | Stone Wall |
| 35:53 | Construir | Farm |
| 35:56 | Construir | Farm |
| 36:01 | Investigar | Gold Mining |
| 36:02 | Investigar | Stone Mining |
| 36:37 | Construir | Stone Wall |
| 36:39 | Construir | Stone Wall |
| 36:43 | Construir | Stone Wall |
| 37:31 | Construir | Blacksmith |
| 37:36 | Construir | Blacksmith |
| 38:11 | Crear | Archer |
| 38:11 | Crear | Archer |
| 38:11 | Crear | Archer |
| 38:12 | Crear | Archer |
Build order — GordonQuick
Primeras 150 de 154 acciones detectadas
| 0:05 | Crear | Villager (Male) ×4 |
| 0:08 | Construir | House |
| 0:10 | Construir | House |
| 1:11 | Investigar | Loom |
| 1:50 | Construir | Lumber Camp |
| 1:53 | Crear | Villager (Male) |
| 2:22 | Crear | Villager (Male) |
| 2:45 | Crear | Villager (Male) |
| 3:40 | Crear | Villager (Male) |
| 3:58 | Construir | House |
| 4:07 | Crear | Villager (Male) |
| 4:46 | Crear | Villager (Male) |
| 5:20 | Construir | Mill |
| 5:26 | Crear | Villager (Male) |
| 5:26 | Crear | Villager (Male) |
| 5:26 | Crear | Villager (Male) |
| 6:01 | Crear | Villager (Male) |
| 6:02 | Crear | Villager (Male) |
| 6:29 | Construir | House |
| 7:13 | Crear | Villager (Male) |
| 7:36 | Construir | Mining Camp |
| 7:39 | Construir | House |
| 8:05 | Crear | Villager (Male) |
| 8:06 | Crear | Villager (Male) |
| 8:37 | Construir | Mining Camp |
| 8:42 | Crear | Villager (Male) |
| 9:13 | Crear | Villager (Male) |
| 9:40 | Construir | Farm |
| 9:42 | Construir | Farm |
| 9:44 | Construir | Farm |
| 9:51 | Construir | Farm |
| 9:57 | Investigar | Feudal Age |
| 10:21 | Construir | Palisade Wall |
| 11:01 | Construir | Barracks |
| 12:07 | Edad | Edad Feudal |
| 12:09 | Crear | Villager (Male) |
| 12:10 | Crear | Villager (Male) |
| 12:21 | Construir | Blacksmith |
| 12:30 | Construir | Palisade Wall |
| 12:34 | Construir | Palisade Gate |
| 13:12 | Construir | Donjon |
| 13:40 | Investigar | Fletching |
| 13:45 | Investigar | Town Watch |
| 14:29 | Crear | Villager (Male) |
| 14:30 | Crear | Villager (Male) |
| 14:35 | Investigar | Gold Mining |
| 15:22 | Investigar | Double-Bit Axe |
| 15:39 | Construir | Barracks |
| 15:48 | Construir | Palisade Gate |
| 15:58 | Construir | Farm |
| 16:01 | Crear | Villager (Male) |
| 16:01 | Crear | Villager (Male) |
| 16:07 | Investigar | Scale Mail Armor |
| 16:13 | Crear | Serjeant |
| 16:32 | Construir | Farm |
| 16:40 | Crear | Serjeant |
| 16:43 | Crear | Serjeant |
| 16:57 | Construir | Farm |
| 17:02 | Construir | Farm |
| 17:10 | Construir | Farm |
| 17:21 | Construir | Palisade Wall |
| 17:34 | Crear | Serjeant |
| 17:57 | Construir | Donjon |
| 18:46 | Construir | Archery Range |
| 18:58 | Construir | Archery Range |
| 19:11 | Construir | Donjon |
| 19:15 | Crear | Serjeant |
| 19:16 | Crear | Serjeant |
| 19:51 | Construir | Farm |
| 19:53 | Crear | Villager (Male) |
| 19:53 | Crear | Villager (Male) |
| 20:56 | Crear | Skirmisher |
| 20:56 | Crear | Skirmisher |
| 21:50 | Crear | Skirmisher |
| 21:51 | Crear | Skirmisher |
| 21:51 | Crear | Skirmisher |
| 21:52 | Crear | Skirmisher |
| 21:53 | Crear | Skirmisher |
| 22:07 | Construir | Lumber Camp |
| 23:05 | Investigar | Castle Age |
| 23:40 | Crear | Serjeant |
| 23:42 | Crear | Serjeant |
| 24:58 | Investigar | Forging |
| 25:29 | Construir | Donjon |
| 25:43 | Construir | House |
| 25:45 | Edad | Edad de los Castillos |
| 26:28 | Crear | Villager (Male) |
| 26:28 | Crear | Villager (Male) |
| 26:34 | Construir | Market |
| 26:51 | Construir | Farm |
| 27:30 | Construir | Town Center |
| 27:40 | Crear | Villager (Male) |
| 27:59 | Investigar | Elite Skirmisher (upgrade) |
| 28:04 | Construir | Archery Range |
| 28:07 | Construir | Archery Range |
| 28:47 | Construir | Mining Camp |
| 28:56 | Crear | Skirmisher |
| 28:56 | Crear | Skirmisher |
| 28:57 | Crear | Skirmisher |
| 28:59 | Crear | Skirmisher |
| 29:00 | Crear | Skirmisher |
| 29:00 | Crear | Skirmisher |
| 29:02 | Crear | Skirmisher |
| 29:02 | Crear | Skirmisher |
| 29:03 | Crear | Skirmisher |
| 29:12 | Crear | Skirmisher |
| 29:13 | Crear | Skirmisher |
| 29:13 | Crear | Skirmisher |
| 29:53 | Crear | Villager (Male) |
| 29:54 | Crear | Villager (Male) |
| 29:54 | Crear | Villager (Male) |
| 30:33 | Crear | Serjeant |
| 31:19 | Construir | Siege Workshop |
| 31:28 | Crear | Serjeant |
| 31:31 | Crear | Serjeant |
| 31:46 | Crear | Villager (Male) |
| 31:46 | Crear | Villager (Male) |
| 32:27 | Crear | Mangonel |
| 32:28 | Crear | Mangonel |
| 32:45 | Construir | House |
| 32:54 | Construir | Donjon |
| 33:16 | Crear | Villager (Male) |
| 33:16 | Crear | Villager (Male) |
| 34:24 | Crear | Mangonel |
| 34:24 | Crear | Mangonel |
| 34:30 | Crear | Villager (Male) |
| 34:30 | Crear | Villager (Male) |
| 34:50 | Construir | Siege Workshop |
| 35:04 | Construir | Palisade Wall |
| 35:10 | Construir | Palisade Gate |
| 35:27 | Investigar | Bodkin Arrow |
| 35:44 | Crear | Mangonel |
| 35:44 | Crear | Mangonel |
| 36:01 | Crear | Mangonel |
| 37:00 | Crear | Mangonel |
| 37:18 | Crear | Villager (Male) |
| 37:18 | Crear | Villager (Male) |
| 37:22 | Crear | Villager (Male) |
| 37:22 | Crear | Villager (Male) |
| 38:38 | Construir | Castle |
| 39:03 | Construir | Town Center |
| 40:41 | Construir | Farm |
| 40:42 | Crear | Villager (Male) |
| 40:42 | Crear | Villager (Male) |
| 40:55 | Construir | Farm |
| 40:57 | Construir | Farm |
| 41:42 | Crear | Villager (Male) |
| 41:42 | Crear | Villager (Male) |
| 41:43 | Crear | Villager (Male) |
| 41:51 | Construir | Farm |
Cronología de la partida
| 5:31 | luigibros55 · first_building Barracks |
| 6:43 | John Confirmed · first_building Barracks |
| 7:59 | evero91 · wall_segment Palisade Wall x12 |
| 8:19 | guanabanon · first_building Barracks |
| 8:31 | evero91 · wall_segment Palisade Wall x7 |
| 9:19 | emanuel.h15 · first_building Barracks |
| 9:26 | TadeoNeri · first_building Barracks |
| 9:52 | TadeoNeri · wall_segment Palisade Wall x3 |
| 10:13 | evero91 · wall_segment Palisade Wall x3 |
| 10:19 | guanabanon · age_up feudal |
| 10:21 | GordonQuick · wall_segment Palisade Wall x1 |
| 10:31 | evero91 · wall_segment Palisade Wall x7 |
| 10:38 | evero91 · wall_segment Palisade Wall x4 |
| 10:43 | emanuel.h15 · age_up feudal |
| 10:48 | TadeoNeri · age_up feudal |
| 10:59 | emanuel.h15 · first_building Stable |
| 11:01 | GordonQuick · first_building Barracks |
| 11:16 | TadeoNeri · wall_segment Palisade Wall x4 |
| 11:33 | evero91 · wall_segment Palisade Wall x6 |
| 11:44 | TadeoNeri · first_building Archery Range |
| 11:52 | luigibros55 · age_up feudal |
| 11:55 | John Confirmed · age_up feudal |
| 12:07 | GordonQuick · age_up feudal |
| 12:24 | emanuel.h15 · wall_segment Palisade Wall x4 |
| 12:29 | luigibros55 · first_building Archery Range |
| 12:30 | GordonQuick · wall_segment Palisade Wall x4 |
| 12:45 | evero91 · first_building Barracks |
| 13:01 | evero91 · age_up feudal |
| 13:12 | GordonQuick · first_building Donjon |
| 14:36 | evero91 · first_building Stable |
| 14:53 | luigibros55 · wall_segment Palisade Wall x6 |
| 16:38 | guanabanon · wall_segment Palisade Wall x16 |
| 16:46 | John Confirmed · first_market_sell 100 wood |
| 16:47 | John Confirmed · first_market_buy 100 food |
| 17:17 | pocpocgames · age_up feudal |
| 17:21 | GordonQuick · wall_segment Palisade Wall x10 |
| 17:40 | guanabanon · first_building Archery Range |
| 17:43 | luigibros55 · wall_segment Palisade Wall x3 |
| 17:48 | John Confirmed · first_building Stable |
| 18:25 | emanuel.h15 · wall_segment Palisade Wall x10 |
| 18:31 | luigibros55 · first_building Stable |
| 18:46 | GordonQuick · first_building Archery Range |
| 19:33 | John Confirmed · age_up castle |
| 20:55 | John Confirmed · first_building Monastery |
| 21:13 | emanuel.h15 · wall_segment Palisade Wall x1 |
| 21:45 | TadeoNeri · age_up castle |
| 21:52 | John Confirmed · first_building Castle |
| 23:19 | TadeoNeri · first_building Siege Workshop |
| 23:42 | luigibros55 · age_up castle |
| 24:33 | emanuel.h15 · wall_segment Palisade Wall x4 |
| 24:38 | emanuel.h15 · wall_segment Palisade Wall x13 |
| 24:43 | emanuel.h15 · wall_segment Palisade Wall x8 |
| 25:17 | guanabanon · age_up castle |
| 25:33 | emanuel.h15 · age_up castle |
| 25:45 | GordonQuick · age_up castle |
| 25:48 | emanuel.h15 · wall_segment Palisade Wall x6 |
| 26:03 | evero91 · first_building Archery Range |
| 26:12 | pocpocgames · first_building Barracks |
| 27:02 | TadeoNeri · wall_segment Stone Wall x12 |
| 27:25 | GordonQuick · first_market_buy 100 stone |
| 28:01 | emanuel.h15 · first_market_sell 100 wood |
| 28:05 | emanuel.h15 · first_market_buy 100 stone |
| 28:33 | emanuel.h15 · first_building Castle |
| 28:50 | pocpocgames · first_building Archery Range |
| 30:13 | evero91 · age_up castle |
| 31:19 | GordonQuick · first_building Siege Workshop |
| 32:58 | luigibros55 · first_building Castle |
| 33:01 | guanabanon · first_building Castle |
| 33:14 | TadeoNeri · first_building Castle |
| 34:48 | pocpocgames · wall_segment Stone Wall x20 |
| 34:56 | pocpocgames · wall_segment Stone Wall x5 |
| 35:04 | GordonQuick · wall_segment Palisade Wall x7 |
| 36:37 | pocpocgames · wall_segment Stone Wall x6 |
| 36:39 | pocpocgames · wall_segment Stone Wall x11 |
| 36:43 | pocpocgames · wall_segment Stone Wall x15 |
| 37:10 | guanabanon · first_building Stable |
| 37:23 | John Confirmed · first_building Siege Workshop |
| 38:36 | luigibros55 · age_up imperial |
| 38:38 | GordonQuick · first_building Castle |
| 39:28 | guanabanon · first_building Siege Workshop |
| 39:54 | guanabanon · age_up imperial |
| 40:22 | John Confirmed · age_up imperial |
| 40:23 | pocpocgames · wall_segment Stone Wall x7 |
| 40:56 | TadeoNeri · age_up imperial |
| 41:00 | pocpocgames · age_up castle |
| 41:24 | pocpocgames · first_building Castle |
| 41:41 | pocpocgames · first_building Monastery |
| 43:31 | GordonQuick · resign |
[ ANÁLISIS IA · 1 CRÉDITO ]
¿Qué pasó realmente en esta partida?
Wolo.gg analiza cada decisión: build order, eco, micro, errores típicos por bracket. Análisis personalizado por WhatsApp o Discord en 30 segundos.
Guía civ
Españoles
Guía mapa
Arabia
Perfil
Jugador #5592873